 Dungeon Crawl Stone Soup version 0.18-a0-1126-ga2d7f46 (webtiles) character file.

114 lysy the Firebug (level 4, -4/24 HPs)
             Began as a Deep Elf Fire Elementalist on Jan 20, 2016.
             Slain by tasslehoff34's ghost (16 damage)
             ... on level 3 of the Dungeon.
             The game lasted 00:13:07 (3660 turns).

lysy the Firebug (Deep Elf Fire Elementalist)       Turns: 3660, Time: 00:13:07

Health: -4/24      AC:  8    Str:  5    XL:     4   Next: 66%
Magic:  10/10      EV: 10    Int: 17    God:
Gold:   90         SH:  0    Dex: 16    Spells: 2 memorised, 5 levels left

rFire  . . .     SeeInvis .     d - +0 dagger
rCold  . . .     Gourm    .     h - +3 leather armour
rNeg   . . .     Faith    .     (no shield)
rPois  .         Spirit   .     (no helmet)
rElec  .         Dismiss  .     (no cloak)
rCorr  .         Reflect  .     (no gloves)
SustAt .         Harm     .     p - +1 pair of boots
MR     .....                    (no amulet)
Stlth  ++........               l - -3 ring of intelligence (curse)
                                i - +3 ring of evasion

@: drained, not resistant to hostile enchantments, unstealthy
A: no striking features
a: no special abilities


You were on level 3 of the Dungeon.
You were not hungry.

You visited 1 branch of the dungeon, and saw 3 of its levels.

You collected 90 gold pieces.


   Skills:
 - Level 2.4(2.2) Dodging
 - Level 2.4(2.2) Stealth
 + Level 3.0(2.8) Spellcasting
 + Level 3.2(3.0) Conjurations
 - Level 5.0(4.8) Fire Magic


You had 5 spell levels left.
You knew the following spells:

 Your Spells              Type           Power        Failure   Level  Hunger
z - Flame Tongue          Conj/Fire      ###..        8%          1    #......
Z - Conjure Flame         Conj/Fire      ###.....     21%         3    ###....

Inventory:

Hand Weapons
 d - a +0 dagger (weapon)
Missiles
 e - 66 stones (quivered)
 y - 8 curare-tipped needles {=f}
Armour
 a - a +0 robe
 h - a +3 leather armour (worn)
 p - a +1 pair of boots (worn)
Jewellery
 i - a +3 ring of evasion (left hand)
 l - a cursed -3 ring of intelligence (right hand)
 m - an uncursed ring of resist corrosion
Wands
 w - a wand of polymorph (24/24)
Scrolls
 f - a scroll of identify {@r1}
 j - a scroll of teleportation {@r4}
 r - a scroll of noise {!r}
Potions
 g - a potion of curing {@q1}
 n - a potion of cancellation {unknown}
 s - a potion of agility {unknown}
 u - a potion of experience {unknown}
 v - a potion of ambrosia {unknown}
Books
 b - a book of Flames

   Spells                             Type                      Level
   a - Flame Tongue                   Conjuration/Fire             1
   b - Throw Flame                    Conjuration/Fire             2
   c - Conjure Flame                  Conjuration/Fire             3
   d - Inner Flame                    Hexes/Fire                   3
   e - Sticky Flame                   Conjuration/Fire             4
   f - Fireball                       Conjuration/Fire             5
Comestibles
 c - 2 bread rations
 x - a beef jerky
 A - 3 fruits

Dungeon Overview and Level Annotations

Branches:
Dungeon (3/15)

Altars:
Cheibriados
Dithmenos
Gozag
Makhleb
Nemelex Xobeh
Pakellas

Annotations:
D:3 tasslehoff34's ghost, weakling HOCK

▒▒▒▒▒.▒▒▒▒ ▒▒........▒▒▒▒▒▒▒▒▒▒▒
▒......▒▒...........▒▒▒▒
▒▒▒▒..▒▒...................
▒.)...▒▒...▒...........▒.▒▒
▒.▒▒.......▒▒▒.▒'▒▒▒▒▒▒▒.▒
▒..............▒.▒▒▒▒▒▒▒.▒▒
▒.....▒▒▒W....▒▒......>....
▒▒▒▒.▒...▒...e...▒▒.▒▒▒.▒▒▒.▒▒
▒....▒.▒.....>)...▒.▒........▒
▒▒▒▒....................▒._...
▒.▒▒▒........▒.▒▒▒▒........
▒......................<...
▒▒▒.▒▒▒▒.▒....▒▒.).▒..▒▒W▒.▒▒
▒▒▒▒▒.....................▒▒.▒...
▒...)....▒▒▒.▒...................
▒........▒ ▒.▒▒...▒▒.........▒...


You could see tasslehoff34's ghost.


Message History

Aiming: Flame Tongue
Aim: a kobold, wielding a dagger The flame tongue hits the kobold.
The kobold is moderately wounded.
The kobold hits you but does no damage.
Aiming: Flame Tongue
Aim: a kobold, wielding a dagger (moderately wounded)
The flame tongue hits the kobold.
You kill the kobold!
Things that are here:
a dagger; a kobold corpse You start resting.
Magic restored.
There is a dry fountain here.
Found 3 gold pieces.
Found a rapier.
Aiming: Conjure Flame
Okay, then.
Tasslehoff34's ghost screams, "I'll kill anyone who wants the ORB!"
Tasslehoff34's ghost hits you.
You are electrocuted!
* * * LOW HITPOINT WARNING * * *
Tasslehoff34's ghost says: "I need scissors!
I think I chipped a nail somewhere..."
Tasslehoff34's ghost screams, "Zot is a myth, the ORB is a fable, you'll soon be a tale!"
Tasslehoff34's ghost screams, "Zot is a myth, the ORB is a fable, you'll soon be a tale!"
There is a stone staircase leading up here.
Tasslehoff34's ghost hits you but does no damage.
You are electrocuted!
Ouch! That really hurt!
You die...

Action                   |  1- 3 |  4- 6 || total
-------------------------+-------+-------++-------
Melee: Dagger            |       |     2 ||     2
Throw: Stone             |    61 |     1 ||    62
 Cast: Flame Tongue      |    55 |    67 ||   122
       Conjure Flame     |     2 |     6 ||     8
Evoke: Wand              |       |     1 ||     1
  Use: Scroll            |     2 |     8 ||    10
  Eat: Chunk             |     2 |     2 ||     4
       Meat ration       |     1 |       ||     1

Vault maps used:
D:1:      dpeg_arrival_rhombus
D:2:      old_standard_altar, lightli_temple_of_fire, nemelex_deck, first_bread,
          nicolae_dithmenos_through_a_glass_darkly
D:3:      cheibriados_altar_1, nicolae_overflow_crystal_walls,
          grunt_decor_one_mirror

Notes
Turn   | Place    | Note
--------------------------------------------------------------
     0 | D:1      | lysy the Deep Elf Fire Elementalist began the quest for the Orb.
     0 | D:1      | Reached XP level 1. HP: 10/10 MP: 6/6
   264 | D:1      | Reached XP level 2. HP: 15/15 MP: 5/8
   484 | D:1      | Reached skill level 4 in Fire Magic
  1022 | D:2      | Reached skill level 2 in Conjurations
  1053 | D:2      | Reached XP level 3. HP: 19/19 MP: 7/9
  1124 | D:2      | Found a shadowy altar of Dithmenos.
  1150 | D:2      | Found an opulent altar of Gozag.
  1585 | D:2      | Found a sparkling altar of Nemelex Xobeh.
  1614 | D:2      | Learned a level 3 spell: Conjure Flame
  2081 | D:2      | Found a burning altar of Makhleb.
  2199 | D:2      | Reached XP level 4. HP: 24/24 MP: 3/10
  2285 | D:3      | Found a snail-covered altar of Cheibriados.
  2285 | D:3      | Noticed tasslehoff34's ghost (weakling HOCK)
  3041 | D:3      | Reached skill level 3 in Conjurations
  3044 | D:3      | Reached skill level 5 in Fire Magic
  3191 | D:3      | Found an oddly glowing altar of Pakellas.
  3660 | D:3      | Slain by tasslehoff34's ghost

Vanquished Creatures
  3 adders
  A worm (D:2)
  2 giant geckos
  4 orcs (D:3)
  5 ball pythons
  7 giant cockroaches
  12 goblins
  6 hobgoblins
  3 jackals (D:3)
  A quokka (D:2)
  11 bats
  4 giant newts
  4 kobolds
  8 rats
71 creatures vanquished.
